[Event "Fagernes Chess GM-Swiss 2024"]
[Site "Fagernes"]
[Date "2024.03.24"]
[Round "1.20"]
[White "Kvaloy, Aksel Bu"]
[Black "Fiskaaen, Martin Holten"]
[Result "1-0"]
[ECO "B62"]
[WhiteElo "2454"]
[BlackElo "2118"]
[Annotator "TA"]
[PlyCount "107"]
[EventDate "2024.03.25"]
[EventType "swiss"]
[EventCountry "NOR"]
[SourceTitle "playchess.com"]
[Source "ChessBase"]
[SourceQuality "1"]
[TimeControl "40/6000+30:2400+30"]

1. e4 c5 2. Nf3 d6 3. d4 cxd4 4. Nxd4 Nf6 5. Nc3 Nc6 6. Bg5 e6 7. Qd3 Bd7 {[%emt 0:02:18] B62: Sicilian: Richter-Rauzer: 6...e6: Unusual White 7th moves.} 8. O-O-O a6 9. Qg3 h6 10. Be3 Nxd4 11. Rxd4 e5 12. Rb4 b5 13. a3 $146 ({Predecessor:} 13. Be2 Rc8 14. Bd2 Qc7 15. Bd3 Be6 16. Kb1 Be7 17. Qxg7 Rg8 18. Qxh6 Rg6 19. Qe3 {½-½ Lagarde,M (2647)-Mamedov,R (2673) EU-chT 23rd Terme Catez 2021 (9.3)}) 13... Rc8 (13... Nh5 $5 14. Qf3 $8 Nf6 $14) 14. Be2 Qc7 15. Bd3 Nh5 16. Qf3 (16. Qh4 $5 Nf6 $8 17. Kb1 $11) 16... Nf6 17. Rg1 Be7 18. g4 Be6 $1 19. Kb1 Nd7 (19... Qb7 $15) 20. Nd5 $11 Bxd5 21. exd5 Nc5 22. Qe2 Kf8 {[%emt 0:11:16] [#]} 23. h4 (23. Rc1 $1 $14) 23... Bxh4 24. Rh1 Qd8 25. Bf5 Rc7 26. f4 Bg3 27. g5 g6 28. Qf3 (28. Bxg6 $11 {remains equal.} exf4 (28... fxg6 29. fxe5 Bxe5 30. gxh6 $17) 29. Bxf4 Bxf4 30. Rxf4 Qxg5 31. Rxf7+ (31. Rg4 Qe5 $16) 31... Rxf7 32. Bxf7) 28... gxf5 $2 (28... Bxf4 $17 {and life is bright.} 29. Bxf4 exf4 30. Rxf4 (30. gxh6 Qg5 $19) 30... Qxg5 (30... gxf5 31. Rxf5 Qe7 32. g6 $17) 31. Bxg6 Qxg6) 29. Qxg3 $18 Ne4 30. Qh3 exf4 (30... Qd7 {keeps fighting.} 31. gxh6 Ke8) 31. Bxf4 Nf2 (31... Nxg5 $142 32. Qxf5 Kg7) 32. Qh2 $18 ({Not} 32. Qxf5 Nxh1 33. gxh6 Ng3 $14 (33... Re7 $2 34. Rb3 $18)) 32... Nxh1 33. Bxd6+ Re7 34. gxh6 $2 (34. Bxe7+ Qxe7 35. Qxh1 Kg7 36. gxh6+ Rxh6 37. Qg1+ Kf8 $11) (34. Qe5 Rh7 35. Rh4 (35. Bxe7+ Qxe7 36. Qxf5 Kg7 $16)) 34... Nf2 (34... Ng3 {was worth a try.} 35. Bxg3 (35. Qxg3 Rxh6 36. Bxe7+ Qxe7 $16) (35. Bxe7+ Qxe7 36. Qxg3 Rxh6 $16) 35... Qxd5) 35. Bxe7+ $18 Qxe7 36. Qxf2 Rxh6 37. Qxf5 Qc5 38. Rf4 Qc7 39. Rf1 a5 40. Qe4 Qc4 41. Qf5 Qc7 $1 42. Rg1 Qd8 $2 (42... Qc5 43. Rf1 Qc7) 43. Qe5 $18 Rf6 44. Qh5 Ke7 45. Re1+ Kd6 46. Qe5+ Kd7 47. d6 Kc6 48. Qe4+ Kb6 49. Qd4+ Kc6 50. Re7 Rxd6 51. Qe4+ Kb6 52. Qb7+ (52. Rxf7 Rd1+ 53. Ka2 Qd5+ 54. Qxd5 Rxd5 $14) 52... Kc5 53. Rc7+ ({Weaker is} 53. Rxf7 Rd1+ 54. Ka2 Qd5+ 55. b3 Qxb7 56. Rxb7 a4 $14) 53... Kd4 54. Rxf7 1-0

[Event "Fagernes Chess GM-Swiss 2024"]
[Site "Fagernes"]
[Date "2024.03.24"]
[Round "1.21"]
[White "Rounaiv Rana"]
[Black "Willow, Jonah B"]
[Result "0-1"]
[ECO "E32"]
[WhiteElo "2099"]
[BlackElo "2446"]
[Annotator "TA"]
[PlyCount "50"]
[EventDate "2024.03.25"]
[EventType "swiss"]
[EventCountry "NOR"]
[SourceTitle "playchess.com"]
[Source "ChessBase"]
[SourceQuality "1"]
[TimeControl "40/6000+30:2400+30"]

1. d4 Nf6 2. c4 e6 3. Nc3 Bb4 4. Qc2 O-O 5. e4 d6 6. Bd3 Nc6 7. Nf3 e5 8. d5 Ne7 9. Bg5 Ng6 10. Nh4 {[%emt 0:14:48] The position is equal.} Nf4 11. Bxf4 exf4 12. Nf3 Re8 13. O-O Bg4 14. Nd2 f3 {[%emt 0:03:34] Black is more active.} 15. h3 $2 (15. Nxf3 $17 Bxf3 16. gxf3) 15... fxg2 $19 16. Kxg2 {[%emt 0:00:12] [#]} Bxh3+ 17. Kxh3 {[%emt 0:00:27] Hoping for f4.} Qd7+ 18. Kh2 {[%emt 0:02:48] [#] aiming for Be2.} Re5 $1 ({Worse is} 18... Ng4+ 19. Kg2 $16) 19. f3 (19. Be2 $142 Ng4+ 20. Kg3) 19... Bc5 (19... Rh5+ 20. Kg2 $11) 20. Rh1 {[%emt 0:07:37] [#]} Ng4+ $1 21. Kg3 {[%emt 0:00:13] [#]} (21. Kg2 Ne3+) 21... Rg5 $1 {[%emt 0:03:57] ( -> ...Nf2+)} 22. Qa4 (22. Rh4 Bf2+) 22... Nf2+ {[%emt 0:00:28] Black mates.} 23. Kh4 {[%emt 0:00:39] [#]} Qg4+ $3 24. fxg4 Rxg4+ 25. Kh5 Be3 {[%emt 0:01:15] White did not feel at home in the position after the opening.   Weighted Error Value: White=1.32/Black=0.00 (flawless) .  Loses game:     	White=1     	---        Mistake:       	White=1     	---        Inaccurate:     	White=2     	---        OK:         	White=1     	Black=4      Best:        	White=2     	Black=4      Strong:       	---       	Black=1      Brilliant:      	---       	Black=1} 0-1

[Event "Fagernes Chess GM-Swiss 2024"]
[Site "Fagernes"]
[Date "2024.03.24"]
[Round "1.22"]
[White "Chasin, Nico"]
[Black "Mihajlov, Svetoslav"]
[Result "1-0"]
[ECO "D15"]
[WhiteElo "2447"]
[BlackElo "2094"]
[Annotator "TA"]
[PlyCount "95"]
[EventDate "2024.03.25"]
[EventType "swiss"]
[EventCountry "NOR"]
[SourceTitle "playchess.com"]
[Source "ChessBase"]
[SourceQuality "1"]
[TimeControl "40/6000+30:2400+30"]

1. d4 d5 2. c4 c6 3. Nf3 Nf6 4. Nc3 a6 5. c5 Bf5 6. Qb3 Ra7 7. Bf4 Nbd7 8. h3 h6 {[%emt 0:02:58] White has an edge.} 9. e3 g5 10. Bh2 Bg7 11. Be2 Ne4 12. O-O O-O 13. Nxe4 Bxe4 14. Qc3 Bxf3 15. Bxf3 e5 16. dxe5 Qe7 17. e4 dxe4 18. Bxe4 {[%emt 0:00:45] Bc2 would now be deadly.} Qxc5 19. Qxc5 Nxc5 20. Bf5 Re8 21. Rac1 Ne6 22. Rfe1 Nd4 23. Bg4 Raa8 24. h4 Rad8 25. b4 Rd5 26. Rc5 f5 27. Rxd5 cxd5 28. Bh5 Re7 (28... Re6 {simplifies} 29. Rd1 Nc6 30. Rxd5 Bxe5 31. Bxe5 Nxe5 32. hxg5 hxg5 33. b5 g4) 29. Rd1 Nc6 30. Rxd5 (30. b5 {simplifies} axb5 31. Rxd5 Bxe5 32. hxg5 hxg5 33. Rxb5 Kg7 34. Bxe5+ Nxe5 35. Bd1) 30... Nxb4 (30... Bxe5 {simplifies} 31. Bxe5 Nxe5 32. Kh2 Re6) 31. Rd6 f4 32. e6 Be5 33. Rd7 Kf8 34. Rd8+ Kg7 35. Bf7 Nxa2 36. Rg8+ Kf6 37. Rg6+ Kf5 38. Rxh6 gxh4 39. Rh5+ Ke4 (39... Kf6 $11) 40. Rxh4 ({White should play} 40. f3+ $16 Kd4 41. Kf1) 40... Nc3 $11 41. g3 Kf5 (41... b5 $11 {remains equal.}) 42. Rh5+ $16 ({Much worse is} 42. gxf4 $6 Ne2+ 43. Kf1 (43. Kg2 Bxf4 44. Kf1 Bxh2 $11) 43... Nxf4 $11) 42... Kf6 {[%emt 0:03:36] [#]} 43. g4 ({Stronger than} 43. gxf4 Bxf4 44. Kf1 Bxh2 45. Rxh2 Nd5 $11) 43... Ne2+ $2 {[%emt 0:01:19][%mdl 8192] This move loses the game for Black.} (43... Rxe6 $16 44. Bxe6 (44. Rf5+ Ke7 $14) 44... Kxe6) 44. Kf1 $18 {[%emt 0:00:00] White is clearly winning.} Nd4 {[%emt 0:00:06] [#] Prevents Rf5+} 45. g5+ $1 Kg7 46. g6 Nf3 47. Rh7+ Kf8 {[%emt 0:00:06] [#]} 48. Bxf4 $1 {[%emt 0:00:00][%mdl 512] Weighted Error Value: White=0.11 (very precise) /Black=0.18 (very precise) .  Loses game:     	---       	Black=1      Mistake:       	White=1     	Black=2      Inaccurate:     	White=3     	Black=2      OK:         	White=17    	Black=17     Best:        	White=1     	Black=3} 1-0

[Event "Fagernes Chess GM-Swiss 2024"]
[Site "Fagernes"]
[Date "2024.03.24"]
[Round "1.23"]
[White "Oksendal, Martin"]
[Black "Elsness, Frode"]
[Result "1/2-1/2"]
[ECO "C78"]
[WhiteElo "2086"]
[BlackElo "2437"]
[Annotator "TA"]
[PlyCount "61"]
[EventDate "2024.03.25"]
[EventType "swiss"]
[EventCountry "NOR"]
[SourceTitle "playchess.com"]
[Source "ChessBase"]
[SourceQuality "1"]
[TimeControl "40/6000+30:2400+30"]

1. e4 e5 2. Nf3 Nc6 3. Bb5 a6 4. Ba4 Nf6 5. O-O b5 6. Bb3 Bc5 7. a4 Rb8 8. c3 d6 9. d4 Bb6 10. axb5 axb5 11. Na3 O-O 12. Nxb5 Bg4 13. Bc2 Bxf3 14. gxf3 (14. Qxf3 exd4 15. Bg5 dxc3 16. bxc3 Re8 $11) 14... Nh5 15. f4 Nxf4 16. Bxf4 exf4 17. Qg4 {[%emt 0:00:07] Repels Qg5} Ne7 18. Qxf4 f5 $1 19. exf5 c6 20. Na3 (20. Nxd6 $2 Bc7 21. b4 (21. f6 $2 Rxf6 22. Qe4 Rg6+ 23. Kh1 Qxd6 $19) 21... Bxd6 $19 (21... Qxd6 22. Qxd6 Bxd6 23. Ra6 $17)) 20... d5 {[%emt 0:01:27] Wards off Nc4} 21. Rae1 Bc7 22. Qg4 Rf6 23. Kh1 (23. Re3 $11) 23... Qd6 (23... Rxb2 $15 24. Re2 Bd6 (24... Nxf5 25. Rfe1 $14)) 24. f4 {[%emt 0:00:39] The position is equal.} Rbf8 ({Of course not} 24... Rxb2 $6 25. Rg1 Rf7 (25... Qxa3 26. Qxg7#) 26. Re6 Qxf4 (26... Qxa3 $2 {perishes.} 27. f6 $18) 27. Qh3 Qxh2+ (27... Nxf5 $2 28. Re8+ Rf8 29. Rxf8+ Kxf8 30. Rf1 $18) 28. Qxh2 $16) 25. Rg1 R8f7 26. Re6 (26. Nb1 {simplifies} Qxf4 27. Qxf4 Bxf4 28. Rgf1) 26... Qxf4 27. Qxf4 Bxf4 28. Rxf6 Rxf6 29. Rf1 Bd6 30. Kg2 Rh6 31. h3 {[%emt 0:01:36] Weighted Error Value: White=0.09 (flawless) /Black=0.08 (flawless) .  Mistake:       	White=1     	Black=1      Inaccurate:     	White=2     	---        OK:         	White=8     	Black=11     Best:        	---       	Black=1      Strong:       	---       	Black=1} 1/2-1/2

[Event "Fagernes Chess GM-Swiss 2024"]
[Site "Fagernes"]
[Date "2024.03.24"]
[Round "1.24"]
[White "Trost, Edvin"]
[Black "Havik, Victor"]
[Result "1-0"]
[ECO "D35"]
[WhiteElo "2432"]
[BlackElo "2078"]
[Annotator "TA"]
[PlyCount "69"]
[EventDate "2024.03.25"]
[EventType "swiss"]
[EventCountry "NOR"]
[SourceTitle "playchess.com"]
[Source "ChessBase"]
[SourceQuality "1"]
[TimeControl "40/6000+30:2400+30"]

1. d4 Nf6 2. c4 e6 3. Nc3 d5 4. cxd5 exd5 5. Bg5 c6 6. e3 h6 7. Bh4 Be7 8. Bd3 O-O 9. Nge2 Re8 10. O-O a5 11. Rc1 {[%emt 0:02:45] The position is equal.} Nbd7 12. f3 b5 13. Bf2 Ba6 14. Ng3 Bf8 15. e4 b4 {[%emt 0:02:04] [#] And now ...Bxd3 would win.} 16. Na4 Bxd3 17. Qxd3 {[%emt 0:00:07] Black must now prevent e5.} dxe4 18. fxe4 h5 19. h4 {[%emt 0:16:50] [#]} (19. Rxc6 $2 Ne5 20. Qc2 Nxc6 21. Qxc6 Rc8 $19) (19. Qf3 $11 {keeps the balance.} h4 20. Nf5 Nxe4 21. Bxh4 (21. Rxc6 Nd2 $19)) 19... Ng4 ({Black should play} 19... g6 $1 $17 {Hoping for ...Ng4.} 20. Be3 (20. Rxc6 $2 Ne5 $19) 20... c5) 20. Nxh5 $11 {[%emt 0:00:50] Qf3 is the strong threat.} Nxf2 21. Rxf2 {[%emt 0:00:10] Qf3 would now be deadly.} Qxh4 22. Qf3 Re7 23. Ng3 Qg5 {[%emt 0:08:27] Prevents Nf5.} (23... g6 $11) 24. Rfc2 ({Of course not} 24. Rxc6 Qb5 25. Rd6 (25. Nf5 Qxc6 26. Nxe7+ Bxe7 $11) 25... Qxa4 $11) (24. Rff1 $14) 24... Re6 ({Black should try} 24... Rd8 $11) 25. e5 $1 $14 Nxe5 26. dxe5 $16 Rxe5 27. Rf1 ({Don't do} 27. Rxc6 Ra6) 27... Ra7 28. Rxc6 Rae7 (28... Qd8 {is a better defense.} 29. b3 Rd7) 29. Nf5 Rd7 30. Rc8 g6 31. Ng3 f5 (31... Qd2 $142 32. b3 Qd6) 32. Ne2 $18 Kg7 $2 (32... Rd8 {was worth a try.} 33. Rxd8 Qxd8) 33. Nf4 {[%emt 0:01:00] White is clearly winning.} Rd4 34. Qb7+ Be7 35. Qb8 {[%emt 0:00:29] Weighted Error Value: White=0.13 (very precise) /Black=0.39.  Mistake:       	White=2     	Black=7      Inaccurate:     	---       	Black=2      OK:         	White=9     	Black=7      Best:        	White=2     	Black=3      Strong:       	White=1     	---} 1-0

[Event "Fagernes Chess GM-Swiss 2024"]
[Site "Fagernes"]
[Date "2024.03.24"]
[Round "1.25"]
[White "Zheng, Harry Z"]
[Black "Sorensen, Hampus"]
[Result "1/2-1/2"]
[ECO "C60"]
[WhiteElo "2077"]
[BlackElo "2428"]
[Annotator "TA"]
[PlyCount "178"]
[EventDate "2024.03.25"]
[EventType "swiss"]
[EventCountry "NOR"]
[SourceTitle "playchess.com"]
[Source "ChessBase"]
[SourceQuality "1"]
[TimeControl "40/6000+30:2400+30"]

1. e4 e5 2. Nf3 Nc6 3. Bb5 Nge7 4. c3 d5 5. Nxe5 dxe4 6. d4 (6. Qe2 $14) 6... exd3 $11 {[%emt 0:02:34] Strongly threatening ...Qd5.} 7. Nxc6 (7. Qf3 {seems wilder.} Be6 8. O-O Qd5 9. Qxd5 Bxd5 10. Nxc6 Bxc6 11. Bxd3 O-O-O 12. Bc2) 7... Nxc6 8. Qxd3 (8. Bxd3 $5 Bg4 9. Qc2 $11) 8... Qxd3 9. Bxd3 Be6 10. Bf4 O-O-O 11. Be4 Ne7 12. Nd2 Ng6 13. Bxg6 hxg6 14. O-O {[%emt 0:02:18] White is weak on the light squares} f6 15. Nb3 g5 16. Bg3 c5 17. Rad1 Rxd1 18. Rxd1 b6 19. Nd2 Bd5 ({Much weaker is} 19... Bxa2 $6 20. b3 $14 (20. Ra1 Bd5 $11)) ({Better is} 19... Be7 $15 20. Nf1 c4 (20... Bxa2 21. Ra1 $15)) 20. b3 f5 {[%emt 0:09:48] [#] aiming for ...f4.} 21. Be5 Rh6 22. Nf1 Bc6 23. c4 (23. Ne3 $11 {is superior.}) 23... Re6 $15 24. Bc3 f4 25. f3 a6 26. a4 {[%emt 0:02:27] [#]} g4 $1 27. fxg4 f3 28. gxf3 Bxf3 29. Rd3 Bxg4 30. Re3 g6 31. Rxe6 Bxe6 {[%emt 0:00:01][%mdl 4096] Endgame. KBB-KBN} 32. Ne3 Bd6 33. h4 $1 Be7 34. Be1 Kb7 35. Kf1 Kc6 36. Ke2 Bf6 37. Bg3 Bd4 38. Kd3 Bg8 39. Bf4 Bf7 40. Ng4 Be6 41. Ne3 Bf6 {[%emt 0:03:37] This pair of bishops is nice.} 42. Bg3 Bc8 43. Kd2 Bd8 44. Kd3 Kd7 45. Ke4 Bb7+ 46. Nd5 Ke6 47. Bf2 Be7 48. Be1 b5 49. axb5 axb5 50. Bf2 Bc6 51. Be1 Bf6 52. Bg3 Bxd5+ 53. cxd5+ $11 {[%emt 0:00:00] KB-KB. The position is equal.} Kd7 54. Bf2 c4 55. bxc4 bxc4 56. Bg3 Kc8 57. Bf4 Kd7 58. Bg3 Kc8 59. Bf4 Kb7 60. Bg5 Bb2 61. Be3 Kc7 62. Bd4 Ba3 63. Bc3 Bc5 64. Ke5 Bf2 65. d6+ Kc6 66. d7 Bxh4 67. Ba5 Kxd7 {[%emt 0:00:32] Hoping for ...Kc6.} 68. Kd5 Bg3 69. Kxc4 Ke6 70. Kd3 Kf5 71. Ke2 Ke4 72. Kf1 Kf3 73. Bd8 $1 {[%emt 0:00:16] Dodges g5} Bf4 74. Be7 Kg3 75. Bd8 Kh3 76. Be7 Bg3 77. Bg5 Kg4 78. Kg2 Kxg5 79. Kxg3 {[%emt 0:00:09] KP-K} Kf5 80. Kf3 g5 81. Kg3 g4 82. Kg2 Kg5 (82... Kf4 $5) 83. Kg3 Kh5 84. Kg2 Kh4 85. Kh2 g3+ 86. Kg2 Kg4 87. Kg1 Kf3 {[%emt 0:00:04] ( -> ...g2)} (87... Kh3 $5 88. Kh1 $8 Kh4 $11) 88. Kf1 g2+ 89. Kg1 Kg3 {[%emt 0:00:01] Weighted Error Value: White=0.08 (flawless) /Black=0.08 (flawless) .  Mistake:       	White=1     	Black=1      Inaccurate:     	White=1     	Black=2      OK:         	White=26    	Black=31     Best:        	White=10    	Black=4      Strong:       	White=2     	---} 1/2-1/2

[Event "Fagernes Chess GM-Swiss 2024"]
[Site "Fagernes"]
[Date "2024.03.24"]
[Round "1.26"]
[White "Johansson, Linus"]
[Black "Sian, Shadi"]
[Result "1-0"]
[ECO "D35"]
[WhiteElo "2427"]
[BlackElo "2076"]
[Annotator "RC"]
[PlyCount "115"]
[EventDate "2024.03.25"]
[EventType "swiss"]
[EventCountry "NOR"]
[SourceTitle "playchess.com"]
[Source "ChessBase"]
[SourceQuality "1"]
[TimeControl "40/6000+30:2400+30"]

1. d4 Nf6 2. c4 e6 3. Nc3 d5 4. cxd5 exd5 5. Bg5 Be7 6. e3 O-O 7. Bd3 h6 8. Bf4 c5 9. Nge2 Nc6 10. O-O Be6 11. Rc1 c4 12. Bb1 Qd7 13. Be5 Ng4 14. Bg3 f5 15. b3 Ba3 16. bxc4 Bxc1 17. Nxc1 Ne7 18. c5 Nf6 19. f3 Nc6 20. Nd3 Qf7 21. Nb5 Nh5 22. Bd6 Rfd8 23. Ne5 Nxe5 24. Bxe5 Nf6 25. Nd6 Qe7 26. Qd3 g6 27. Nxb7 Qxb7 28. Bxf6 Re8 29. Be5 Bd7 30. Bc2 Bc6 31. Rb1 Qd7 32. Qa6 Re6 33. Qa5 Rae8 34. f4 Rc8 35. h3 h5 36. Qe1 Qd8 37. Qg3 h4 38. Qe1 Kf7 39. Kh2 Qe7 40. a4 Kg8 41. a5 Rf8 42. Qe2 Qd7 43. a6 Ba8 44. Bd3 Bc6 45. Qf2 Qd8 46. Rb3 Qe7 47. Qb2 Rxe5 48. fxe5 Qg5 49. Qf2 Ba4 50. Rb1 Qh6 51. g3 hxg3+ 52. Qxg3 Kh8 53. Rg1 f4 54. exf4 Rxf4 55. Bxg6 Rxd4 56. Be4 Rd2+ 57. Kh1 Qxh3+ 58. Qxh3# 1-0

[Event "Fagernes Chess GM-Swiss 2024"]
[Site "Fagernes"]
[Date "2024.03.24"]
[Round "1.27"]
[White "Valcu, Lavinia"]
[Black "Tsolakidou, Stavroula"]
[Result "0-1"]
[ECO "E73"]
[WhiteElo "2070"]
[BlackElo "2424"]
[Annotator "RC"]
[PlyCount "42"]
[EventDate "2024.03.25"]
[EventType "swiss"]
[EventCountry "NOR"]
[SourceTitle "playchess.com"]
[Source "ChessBase"]
[SourceQuality "1"]
[TimeControl "40/6000+30:2400+30"]

1. d4 Nf6 2. c4 g6 3. Nc3 Bg7 4. e4 d6 5. Be2 O-O 6. Be3 Na6 7. h4 h5 8. Nh3 c5 9. f3 cxd4 10. Bxd4 Nb4 11. Nb5 a6 12. Bc3 axb5 13. Bxb4 bxc4 14. Bxc4 Qb6 15. Bc3 d5 16. exd5 Bxh3 17. Rxh3 Rfc8 18. Qb3 Qc5 19. Bxf6 exf6 20. Bf1 Re8+ 21. Kd1 Qf2 0-1

[Event "Fagernes Chess GM-Swiss 2024"]
[Site "Fagernes"]
[Date "2024.03.24"]
[Round "1.28"]
[White "Celik, Hasan Huseyin"]
[Black "Amundsen, Ask"]
[Result "1-0"]
[ECO "A67"]
[WhiteElo "2417"]
[BlackElo "2069"]
[Annotator "TA"]
[PlyCount "77"]
[EventDate "2024.03.25"]
[EventType "swiss"]
[EventCountry "NOR"]
[SourceTitle "playchess.com"]
[Source "ChessBase"]
[SourceQuality "1"]
[TimeControl "40/6000+30:2400+30"]

1. d4 Nf6 2. c4 c5 3. d5 e6 4. Nc3 exd5 5. cxd5 d6 6. e4 g6 7. f4 Bg7 8. Bb5+ Nfd7 9. a4 a6 10. Bd3 Qh4+ 11. g3 Qd8 12. Nf3 {[%emt 0:01:37] White is better.} O-O (12... Bxc3+ $2 13. bxc3 O-O 14. O-O $18) 13. O-O Nf6 14. f5 (14. Kg2 $16) 14... Re8 15. Kg2 (15. fxg6 {seems wilder.} hxg6 16. e5 dxe5 17. Ng5) 15... c4 16. Bc2 Nbd7 17. h3 (17. Bg5 $14) 17... Rb8 (17... Nc5 $1 $11) 18. a5 b5 {[%emt 0:05:46] Strongly threatening ...b4.} 19. axb6 Qxb6 20. g4 Nc5 21. Nd2 $36 {[%emt 0:01:39][%mdl 2048] White has some pressure.} Qc7 $1 22. Qf3 g5 (22... Rb4 $11 {remains equal.}) 23. Re1 (23. Nxc4 $6 Ncxe4 24. Bxe4 Qxc4 $15) (23. h4 $1 $16 ) 23... Bb7 (23... Rb4 $11) 24. Re2 (24. Nxc4 $2 Nxd5 (24... Ncxe4 25. Nxe4 Qxc4 26. Bb3 $17) 25. Nxd5 (25. Bxg5 $2 Nb4 $19) 25... Bxd5 $17) (24. Qg3 $14) 24... Nfd7 ({Black should try} 24... h6 $1 $11) 25. Nxc4 $14 Nxe4 26. Rxe4 $16 Bxc3 27. Bxg5 (27. Qxc3 Bxd5 28. Nd2 Qb6 $11) (27. bxc3 $16 Nf6 28. Rxe8+ Rxe8 29. Ne3 (29. Bxg5 $2 Bxd5 $19) 29... Qxc3 30. Ra3) 27... Bxb2 $11 28. Rd1 Rxe4 29. Qxe4 Bf6 30. Bf4 Rc8 $1 31. Ne3 {[%emt 0:00:01] [#] Black must now prevent g5.} (31. Bxd6 $2 {perishes.} Qxc4 32. Qxc4 Rxc4 $19) 31... Nb6 $2 {[%emt 0:01:05] This move loses the game for Black.} (31... Qc3 $11) 32. g5 $18 Nc4 $2 (32... Nxd5 33. Rxd5 Bxd5 34. Qxd5 Be5 35. Bxe5 dxe5) 33. Ng4 ({Worse is} 33. gxf6 Nxe3+ 34. Bxe3 Qxc2+ 35. Qxc2 Rxc2+ 36. Kf3 Rc3 $11) 33... Bxg5 34. f6 Kf8 35. Bxg5 Ne5 36. Rd2 (36. Bh6+ $142 Ke8 37. Ba4+ Kd8 38. Nxe5 (38. Qxh7 Qc4 $18) 38... dxe5 39. Qxh7 Qd6 40. Qxf7 Rc2+ 41. Bxc2) 36... Ng6 37. Re2 Qc5 {[%emt 0:00:27] [#]} 38. Qe8+ $3 Rxe8 39. Bh6+ {[%emt 0:00:02] Weighted Error Value: White=0.25 (precise) /Black=0.72.  Loses game:     	---       	Black=1      Mistake:       	White=5     	Black=6      Inaccurate:     	White=2     	Black=2      OK:         	White=8     	Black=5      Best:        	White=4     	Black=2      Strong:       	---       	Black=2} 1-0

[Event "Fagernes Chess GM-Swiss 2024"]
[Site "Fagernes"]
[Date "2024.03.24"]
[Round "1.29"]
[White "Holand, Per Fredrik"]
[Black "Brynell, Stellan"]
[Result "0-1"]
[ECO "C27"]
[WhiteElo "2068"]
[BlackElo "2406"]
[Annotator "TA"]
[PlyCount "70"]
[EventDate "2024.03.25"]
[EventType "swiss"]
[EventCountry "NOR"]
[SourceTitle "playchess.com"]
[Source "ChessBase"]
[SourceQuality "1"]
[TimeControl "40/6000+30:2400+30"]

1. e4 e5 2. Bc4 Nf6 3. Nc3 Nxe4 4. Qh5 Nd6 5. Bb3 Be7 6. Nf3 Nc6 7. Nxe5 g6 8. Qe2 (8. Nxc6 {simplifies} bxc6 9. Qd1 Nf5 10. O-O) 8... Nd4 9. Qe3 ({White should play} 9. Qg4 $15 Nxb3 10. axb3) 9... Nxb3 {[%emt 0:01:43] Black is better.} (9... N6f5 {keeps more tension.} 10. Qd3 O-O 11. O-O d6) 10. axb3 O-O 11. f4 (11. d4 $15) 11... b6 12. O-O Bb7 {[%emt 0:00:43] Prevents Nd5} 13. d3 Nf5 14. Qh3 d6 (14... Bc5+ $19 15. Kh1 Nh4) 15. Nf3 {[%emt 0:00:22] [#]} Bf6 (15... h5 $142 $1 16. Ra4 c5) 16. Ne4 (16. g4 $142 Bd4+ 17. Nxd4 Nxd4 18. Ra4) 16... Bg7 {[%emt 0:00:16] This pair of bishops is nice.} ({Better is} 16... h5 $17 17. Nfg5 Qe7) 17. Nfg5 (17. g4 $1 $15 Nd4 18. Nxd4 Bxd4+ 19. Be3) 17... h6 $17 18. g4 (18. Nf3 $17 {was the only defense.}) 18... Nd4 $19 19. f5 Ne2+ ({Inferior is} 19... hxg5 20. Bxg5 Ne2+ 21. Kf2 $11) 20. Kf2 Nxc1 21. f6 Bxf6 (21... hxg5 $142 22. fxg7 Kxg7 23. Raxc1 Bxe4 24. dxe4 Qf6+ 25. Kg2 Qxb2) 22. Qxh6 Bxg5 ({Not} 22... Bxb2 23. Qh7#) 23. Qxg5 {[%emt 0:02:17] [#]} Nxd3+ $1 24. cxd3 Qxg5 25. Nxg5 a5 26. Rfc1 (26. Rfe1 $17 {might work better.}) 26... c5 27. Re1 Rfe8 28. Ne4 Bxe4 29. dxe4 {[%emt 0:00:07][%mdl 4096] Endgame. KRR-KRR} Re6 30. Kf3 Rae8 31. Rad1 Rf6+ 32. Ke3 Re5 33. h4 Kf8 $2 (33... Rfe6 $19 {is more deadly.} 34. Kd3 d5) 34. g5 $2 (34. Rd5 $17) 34... Rfe6 35. b4 $2 (35. Kd3) 35... Rxe4+ {[%emt 0:01:47] Weighted Error Value: White=0.61/Black=0.29 (precise) .  Loses game:     	White=1     	---        Missed win:     	---       	Black=1      Mistake:       	White=7     	Black=4      Inaccurate:     	White=4     	Black=2      OK:         	White=3     	Black=14     Best:        	White=2     	Black=5} 0-1

[Event "Fagernes Chess GM-Swiss 2024"]
[Site "Fagernes"]
[Date "2024.03.24"]
[Round "1.30"]
[White "Ingebretsen, Jens E"]
[Black "Lilliehook, Victor"]
[Result "1-0"]
[ECO "D02"]
[WhiteElo "2402"]
[BlackElo "2060"]
[Annotator "RC"]
[PlyCount "51"]
[EventDate "2024.03.25"]
[EventType "swiss"]
[EventCountry "NOR"]
[SourceTitle "playchess.com"]
[Source "ChessBase"]
[SourceQuality "1"]
[TimeControl "40/6000+30:2400+30"]

1. d4 d5 2. Nf3 Nf6 3. g3 e6 4. Bg2 c6 5. O-O Nbd7 6. b3 Bd6 7. Bb2 O-O 8. c4 Re8 9. Nbd2 b6 10. Qc2 Bb7 11. e4 dxe4 12. Ng5 e5 13. Ndxe4 Nxe4 14. Nxe4 Bc7 15. dxe5 Bxe5 16. Rad1 Qc7 17. Bxe5 Rxe5 18. f4 Re7 19. Nd6 Nf6 20. Nxb7 Qxb7 21. Rd6 Rc8 22. Rfd1 Rd7 23. Qf5 Rxd6 24. Rxd6 Re8 25. Bxc6 Qe7 26. Qe5 1-0